 Dungeon Crawl Stone Soup version 0.26.1-11-gd32895ea62 (webtiles) character file.

Game seed: 11706576249140952004

91 Zeld the Slasher (level 4, -3/33 HPs)
             Began as a Human Gladiator on June 5, 2021.
             Killed by nerve-wracking pain
             ... invoked by Grinder
              (8 damage)
             ... on level 3 of the Dungeon.
             The game lasted 00:01:56 (2249 turns).

Zeld the Slasher (Human Gladiator)                  Turns: 2249, Time: 00:01:56

Health: -3/33      AC:  4    Str: 16    XL:     4   Next: 88%
Magic:  4/4        EV: 13    Int:  8    God:
Gold:   151        SH:  0    Dex: 14    Spells: 3/3 levels left

rFire    . . .     SeeInvis .   a - +0 long sword
rCold    . . .     Faith    .   (no shield)
rNeg     . . .     Spirit   .   b - +0 leather armour
rPois    .         Reflect  .   c - +0 helmet
rElec    .         Harm     .   (no cloak)
rCorr    .         Rampage  .   (no gloves)
Will     .....                  (no boots)
Stlth    +.........             (no amulet)
HPRegen  0.11/turn              (no ring)
MPRegen  0.09/turn              (no ring)

@: no status effects
A: no striking features
a: no special abilities


You were on level 3 of the Dungeon.
You visited 1 branch of the dungeon, and saw 3 of its levels.

You collected 151 gold pieces.

Inventory:

Hand Weapons
 a - a +0 long sword (weapon)
Missiles
 d - 3 throwing nets (quivered)
Armour
 b - a +0 leather armour (worn)
 c - a +0 helmet (worn)
Jewellery
 g - an uncursed ring of fire {unknown}
Scrolls
 f - a scroll of immolation {unknown}
 h - a scroll of teleportation {unknown}
 i - 3 scrolls of identify {unknown}
Potions
 e - 2 potions of heal wounds {unknown}
 j - a potion of attraction {unknown}
 k - a potion of curing
 l - a potion of resistance {unknown}


   Skills:
 - Level 2.0 Fighting
 * Level 5.2 Long Blades
 - Level 2.0 Throwing
 - Level 3.0 Dodging


You had 3 spell levels left.
You didn't know any spells.
Your spell library was empty.

Dungeon Overview and Level Annotations

Branches:
Dungeon (3/15)

Altars:
Dithmenos

Annotations:
D:3 Grinder


Message History

Grinder is heavily wounded.
Grinder blinks!
Grinder gestures at you. You resist with significant effort.
Grinder gestures at you. Pain shoots through your body!
You closely miss Grinder.
Grinder is moderately wounded.
Grinder closely misses you.
You hit Grinder.
Grinder is heavily wounded.
Grinder hits you!
You writhe in agony.
* * * LOW HITPOINT WARNING * * *
You are too injured to fight recklessly!
You are too injured to fight recklessly!
Grinder gestures at you. You resist with significant effort.
Grinder gestures at you. Pain shoots through your body!
You die...

.##########.#
........)...#
.>......#####
.######.# #.# #.#
..#####.#########
......#....5....#
........@######.#
#.###.#.## #.#†#
. #.# ## #<# ...
..#.. ... .##
#### ##


You could see Grinder.

Vanquished Creatures
  Robin (D:2)
  An ooze (D:1)
  2 adder zombies (D:2)
  A worm (D:2)
  2 dart slugs
  3 leopard geckos
  An orc (D:3)
  10 bats
  A bat zombie (D:2)
  4 giant cockroaches
  3 hobgoblins
  4 kobolds
  2 quokkas (D:2)
  A ball python zombie (D:2)
  5 frilled lizards
  2 giant cockroach zombies (D:2)
  8 goblins
  A jackal skeleton (D:2)
  A leopard gecko skeleton (D:2)
  A leopard gecko zombie (D:2)
  A quokka zombie (D:2)
  4 rats (D:1)
59 creatures vanquished.

Vanquished Creatures (others)
  8 withered plants (D:2)
8 creatures vanquished.

Grand Total: 67 creatures vanquished

Notes
Turn   | Place    | Note
-------+----------+-------------------------------------------
     0 | D:1      | Zeld the Human Gladiator began the quest for the Orb.
     0 | D:1      | Reached XP level 1. HP: 16/16 MP: 1/1
   173 | D:1      | Reached XP level 2. HP: 21/22 MP: 2/2
   381 | D:1      | Reached skill level 4 in Long Blades
   381 | D:1      | Reached XP level 3. HP: 27/27 MP: 3/3
  1093 | D:2      | Reached XP level 4. HP: 33/33 MP: 4/4
  1520 | D:2      | Noticed Robin
  1524 | D:2      | Reached skill level 5 in Long Blades
  1911 | D:2      | Killed Robin
  2034 | D:2      | Found a shadowy altar of Dithmenos.
  2220 | D:3      | Noticed Grinder
  2225 | D:3      | Paralysed by Grinder for 6 turns
  2249 | D:3      | Killed from afar by Grinder

Illustrated notes

Levels and vault maps discovered:
D:1:      lemuel_arrival_muddy, layout_rooms, serial_corexii_hall,
          chequers_hall_statues_y, corexii_hall_statues_deadend,
          corexii_hall_statues_t, corexii_hall_statues_i, minmay_misc_feat_iff
D:2:      layout_basic, lemuel_crystal_altar, serial_undead, serial_undead_e,
          serial_undead_c, serial_undead_e, serial_undead_c, serial_undead_d,
          serial_undead_e, serial_undead_d, serial_undead_c, serial_undead_c,
          serial_undead_b, uniq_robin
D:3:      layout_loops_ring, uniq_grinder, uniq_crazy_yiuf_cottage,
          uniq_jessica, uniq_ijyb

Skill      XL: |  1  2  3  4 |
---------------+-------------+-----
Long Blades    | 4 5 |  5.2
Fighting       | |  2.0
Throwing       | |  2.0
Dodging        | |  3.0

Action                   |  1- 3 |  4- 6 || total
-------------------------+-------+-------++-------
Melee: Long sword        |    68 |    79 ||   147
 Stab: Sleeping          |     2 |       ||     2
Armor: Leather armour    |    17 |    19 ||    36
Dodge: Dodged            |    53 |    67 ||   120
       Rpst.: Long sword |    19 |    27 ||    46
